 Dungeon Crawl Stone Soup version 0.26.0-57-g60708a5e39 (webtiles) character file.

Game seed: 6772746487482272595

97 kaeus the Ruffian (level 4, -2/37 HPs)
             Began as a Draconian Transmuter on Feb 1, 2021.
             Slain by an adder (3 damage)
             ... on level 3 of the Dungeon.
             The game lasted 00:03:40 (2380 turns).

kaeus the Ruffian (Draconian Transmuter)            Turns: 2380, Time: 00:03:40

Health: -2/37      AC:  6    Str: 12 (13) XL:     4   Next: 42%
Magic:  0/7        EV: 12    Int: 12 (13) God:
Gold:   117        SH:  0    Dex:  9 (12) Spells: 4/7 levels left

rFire    . . .     SeeInvis .     - Unarmed
rCold    . . .     Faith    .   (no shield)
rNeg     . . .     Spirit   +   (armour unavailable)
rPois    .         Reflect  .   (helmet restricted)
rElec    .         Harm     .   f - scarf {+Inv}
rCorr    .         Rampage  .   (no gloves)
Will     .....                  (no boots)
Stlth    +.........             b - amulet of guardian spirit
HPRegen  0.12/turn              (no ring)
MPRegen  0.10/turn              (no ring)

@: brilliant, lethally poisoned (-2 -> -3), attractive
A: unfitting armour, antennae 1, shaggy fur 1, cold-blooded, MP-powered wands,
AC +5
a: Evoke Invisibility


You were on level 3 of the Dungeon.
You visited 1 branch of the dungeon, and saw 3 of its levels.

You collected 117 gold pieces.

Inventory:

Armour
 f - a scarf of invisibility (worn)
Jewellery
 b - an amulet of guardian spirit (around neck)
Scrolls
 a - a scroll of fog {unknown}
 c - 3 scrolls of remove curse
 j - 4 scrolls of identify


   Skills:
 - Level 2.6 Fighting
 - Level 1.7 Dodging
 - Level 3.7 Unarmed Combat
 + Level 2.4 Spellcasting
 + Level 2.4 Transmutations
 + Level 1.2 Poison Magic


You had 4 spell levels left.
You knew the following spells:

 Your Spells              Type           Power        Failure   Level
b - Spider Form           Tmut/Pois      4%           34%         3

Your spell library contained the following spells:

 Spells                   Type           Power        Failure   Level
 Beastly Appendage        Tmut           22%          10%         1
 Wereblood                Tmut           11%          14%         2
 Ice Form                 Ice/Tmut       6%           83%         4
 Blade Hands              Tmut           5%           95%         5


Dungeon Overview and Level Annotations

Branches:
Dungeon (3/15)

Altars:
Gozag

Portals:
Sewer: D:3


Innate Abilities, Weirdness & Mutations

Your plain brown scales are hard. (AC +5)
You cannot fit into any form of body armour.
You are cold-blooded and may be slowed by cold attacks.
You have a pair of small antennae on your head.
You are covered in fur. (AC +1)
You expend magic power (3 MP) to strengthen your wands.


Message History

The adder barely misses you. The adder bites you but does no damage.
You take 1 damage, and have 3/37 hp.
It was a potion of brilliance.
You feel clever all of a sudden. The adder barely misses you.
The adder bites you.
* * * LOW HITPOINT WARNING * * *
You take 1 damage, and have 2/37 hp.
Casting: Spider Form (quite dangerous; 34% risk of failure)
Confirm with . or Enter, or press ? or * to list all spells.
Okay, then.
You closely miss the adder.
The adder is lightly wounded.
The adder closely misses you. The adder bites you.
* * * LOW HITPOINT WARNING * * *
The adder misses you.
You take 1 damage, and have 1/37 hp.
You now have 0/7 mp.
You closely miss the adder.
The adder is lightly wounded.
The adder bites you.
You die...

#### ... ###########
#.####### ..........#
#.......##
##....###.#.##..@S...#
##....# #.#....##S##$#
......# #.#..#†#≈B≈#.#
....### #.#..#.#≈≈≈#.#
....# #.#..#†#≈∩≈#.#
##### #.#..#.#≈≈≈#.$#
#########.###..#≈≈≈#..#
.(.............#####..#
.......#..#.#.........


You could see 2 adders and a giant cockroach.

Vanquished Creatures
  3 gnolls
  2 adders
  2 dart slugs (D:1)
  5 orcs (D:3)
  A ball python (D:3)
  2 giant cockroaches
  7 goblins
  5 hobgoblins
  5 bats
  2 frilled lizards (D:1)
  4 kobolds (D:1)
  5 rats
43 creatures vanquished.

Notes
Turn   | Place    | Note
-------+----------+-------------------------------------------
     0 | D:1      | kaeus the Draconian Transmuter began the quest for the Orb.
     0 | D:1      | Reached XP level 1. HP: 16/16 MP: 3/3
   168 | D:1      | Reached XP level 2. HP: 17/24 MP: 1/5
   799 | D:1      | Reached XP level 3. HP: 2/30 MP: 0/6
  1465 | D:1      | Learned a level 3 spell: Spider Form
  2034 | D:2      | Reached XP level 4. HP: 37/37 MP: 7/7
  2084 | D:2      | You fall into a shaft and drop 1 floor!
  2085 | D:3      | Found an opulent altar of Gozag.
  2158 | D:3      | Reached skill level 1 in Poison Magic
  2339 | D:3      | Found a glowing drain.
  2375 | D:3      | Gained mutation: You expend magic power (3 MP) to
                  | strengthen your wands. [potion of mutation]
  2375 | D:3      | Gained mutation: You are covered in fur. (AC +1) [potion of
                  | mutation]
  2375 | D:3      | Gained mutation: You have a pair of small antennae on your
                  | head. [potion of mutation]
  2379 | D:3      | HP: 1/37 [adder (1)]
  2380 | D:3      | Slain by an adder

Illustrated notes

Levels and vault maps discovered:
D:1:      dpeg_arrival_prison, layout_basic, minmay_pentomino_v4
D:2:      layout_loops_ring, serial_park_tiny_pond, uniq_jessica
D:3:      layout_basic, grunt_gozag_breadcrumbs, gup_sewer_entry_glass

Skill      XL: |  1  2  3  4 |
---------------+-------------+-----
Fighting       | 2 |  2.6
Poison Magic   | 1 |  1.2
Dodging        | |  1.7
Unarmed Combat | |  3.7
Spellcasting   | |  2.4
Transmutations | |  2.4

Action                   |  1- 3 |  4- 6 || total
-------------------------+-------+-------++-------
Melee: Unarmed           |    75 |    42 ||   117
       Headbutt          |     6 |       ||     6
       Kick              |     9 |     1 ||    10
       Tailslap          |     7 |     2 ||     9
 Cast: Beastly Appendage |    20 |     1 ||    21
       Spider Form       |       |     2 ||     2
  Use: Scroll            |       |     7 ||     7
       Potion            |       |     4 ||     4
 Stab: Sleeping          |     1 |       ||     1
Armor: Skin              |    15 |    16 ||    31
Dodge: Dodged            |    41 |    55 ||    96
